 Dungeon Crawl Stone Soup version 0.28.0 (webtiles) character file.

Game seed: 8210651733023860659

8061 a3don the Nimble (level 11, -3/81 HPs)
             Began as a Djinni Hedge Wizard on Feb 15, 2022.
             Was an Initiate of Makhleb.
             Slain by a black mamba (18 damage)
             ... on level 1 of the Lair of Beasts.
             The game lasted 00:41:51 (18725 turns).

a3don the Nimble (Djinni Hedge Wizard)             Turns: 18725, Time: 00:41:51

Health: -3/81      AC:  3    Str:  9    XL:     11   Next: 48%
Gold:   302        EV: 15    Int: 27    God:    Makhleb [......] SH:  0 Dex: 12

rFire   + + .      SeeInvis .   p - +4 whip (elec)
rCold   x . .      Faith    .   (no shield)
rNeg    . . .      Spirit   .   K - +1 robe {Will+}
rPois   ∞          Reflect  .   c - +0 hat
rElec   .          Harm     .   w - scarf {+Inv}
rCorr   .          Rampage  .   (no gloves)
Will    ++...                   (boots unavailable)
Stlth   ++........              G - amulet of regeneration
HPRegen 1.03/turn               L - ring of wizardry
MPRegen 0.00/turn               z - +6 ring of intelligence

@: flying
A: sickness immunity, fire resistance 2, cold vulnerability 1, float, innate
caster, HP casting, extra vitality 1
a: Renounce Religion, Evoke Invisibility


You were on level 1 of the Lair of Beasts.
You worshipped Makhleb.
Makhleb was noncommittal.
You visited 3 branches of the dungeon, and saw 12 of its levels.

You collected 302 gold pieces.

Inventory:

Hand Weapons
 a - a +0 dagger
 i - a +0 dagger of draining
 l - a +4 long sword of freezing
 p - a +4 whip of electrocution (weapon)
 q - a +2 hand axe of flaming
 r - a +0 vampiric spear
 x - a +0 hand axe of electrocution
 y - a +4 falchion of draining
 F - a +1 vorpal morningstar
 O - a +2 dagger of pain
Missiles
 g - 64 sling bullets
 h - 394 stones
 m - 16 javelins (quivered)
 o - a curare-tipped dart
 B - 9 poisoned darts
Armour
 c - a +0 hat (worn)
 s - a +0 robe of fire resistance
 w - a scarf of invisibility (worn)
 E - +0 swamp dragon scales
 J - +0 steam dragon scales
 K - a +1 robe of willpower (worn)
Jewellery
 f - an amulet of the acrobat
 z - a +6 ring of intelligence (right hand)
 G - an amulet of regeneration (around neck)
 L - a ring of wizardry (left hand)
Wands
 b - a wand of iceblast (8)
 v - a wand of flame (10)
 M - a wand of digging (2)
Scrolls
 j - a scroll of fog {unknown}
 t - 2 scrolls of blinking
 A - a scroll of enchant armour {unknown}
 D - a scroll of immolation {unknown}
 H - a scroll of teleportation {unknown}
 I - a scroll of fear
 P - a scroll of enchant weapon
Potions
 d - 2 potions of heal wounds
 e - 3 potions of cancellation {unknown}
 k - 2 potions of resistance {unknown}
 n - 2 potions of curing
 u - a potion of haste {unknown}
 C - 2 potions of flight
 N - a potion of degeneration {unknown}


   Skills:
 + Level 8.2 Fighting
 + Level 6.5 Maces & Flails
 + Level 9.5 Dodging
 - Level 2.0 Stealth
 + Level 6.9 Spellcasting
 + Level 4.4 Invocations


You couldn't memorise any spells.
You knew the following spells:

 Your Spells              Type           Power      Damage    Failure   Level
a - Magic Dart            Conj           100%       1d8       1%          1
b - Pain                  Necr           100%       1d9       1%          1
c - Call Imp              Summ           46%        N/A       1%          2
d - Slow                  Hex            100%       N/A       1%          1
e - Conjure Flame         Conj/Fire      46%        6-21      1%          3
f - Mephitic Cloud        Conj/Pois/Air  46%        N/A       1%          3
g - Blink                 Tloc           92%        N/A       1%          2
h - Corpse Rot            Necr/Air       92%        N/A       1%          2
i - Static Discharge      Conj/Air       46%        N/A       1%          2
j - Cause Fear            Hex            23%        N/A       1%          4
k - Animate Dead          Necr           23%        N/A       1%          4
Your spell library was empty.

Dungeon Overview and Level Annotations

Branches:
Dungeon (10/15)            Temple (1/1) D:7            Lair (1/6) D:9
    Orc (0/2) D:10

Altars:
Ashenzari
Cheibriados
Dithmenos
Elyvilon
Gozag
Hepliaklqana
Makhleb
Nemelex Xobeh
Okawaru
Qazlal
Ru
Sif Muna
Trog
Uskayaw
Vehumet
Wu Jian
Xom
Yredelemnul
Zin
The Shining One

Annotations:
D:3 1 runed translucent door, b960's ghost, weakling GrFE
D:10 2 runed translucent doors


Innate Abilities, Weirdness & Mutations

You are immune to sickness and miasma.
You are immune to poison.
Your flesh is very heat resistant. (rF++)
You are vulnerable to cold. (rC-)
You float through the air rather than walking.
You learn spells naturally, not from books.
Your magical power is your life essence.
You have superior vitality. (+4 MHP)


Message History

Press: ? - help, Shift-Dir - straight line, f/p - black mamba
Aim: a black mamba (ally target, chance to affect: 83%)
The black mamba writhes in agony.
The black mamba closely misses you. The black mamba bites you.
Your white imp barely misses the black mamba.
Casting: Pain (safe; 1% risk of failure)
Confirm with . or Enter, or press ? or * to list all spells.
Aiming: Pain (safe; 1% risk of failure)
Press: ? - help, Shift-Dir - straight line, f/p - black mamba
Aim: a black mamba (ally target, chance to affect: 83%)
The black mamba writhes in agony.
The black mamba bites you. x2
Your white imp hits the black mamba.
Your white imp freezes the black mamba.
The black mamba seems to slow down.
You hit the black mamba.
The black mamba is moderately wounded.
The black mamba bites you!
You hit the black mamba.
The black mamba is heavily wounded.
Your white imp barely misses the black mamba.
The black mamba bites you!
You barely miss the black mamba.
The black mamba is heavily wounded.
Your white imp closely misses the black mamba.
The black mamba bites you!
* * * LOW HITPOINT WARNING * * *
Casting: Pain (safe; 1% risk of failure)
Confirm with . or Enter, or press ? or * to list all spells.
Aiming: Pain (safe; 1% risk of failure)
Press: ? - help, Shift-Dir - straight line, f/p - black mamba
Aim: a black mamba (heavily wounded, slow, ally target, chance to affect: 83%)
The black mamba writhes in agony.
* * * LOW HITPOINT WARNING * * *
The black mamba is no longer moving slowly.
The black mamba bites you.
* * * LOW HITPOINT WARNING * * *
Your white imp hits the black mamba but does no damage.
Your white imp barely misses the black mamba.
The black mamba completely misses you. The black mamba bites you!!
You die...

.....#P##
####.......#
...>..^....#
..........#
#........#
#.......#
#!......#
#...@...+
##P##...S...#
........5...#
.......<....#
.##.##..........
# #......###.
..##P#.... ##.
##.... .. ....


You could see a black mamba (ally target) and a friendly white imp (summoned).

Vanquished Creatures
  A two-headed ogre (D:8)
  A manticore (D:10)
  Maggie (D:7)
  4 kobold demonologists (D:9)
  A troll (D:9)
  A hornet (D:9)
  2 wraiths
  2 wyverns
  5 yaks (D:6)
  2 steam dragons
  An acid dragon (D:8)
  A water moccasin (D:8)
  2 orc warriors (D:9)
  An ice beast (D:6)
  2 black bears
  2 ogres
  2 necrophages (D:5)
  3 centaurs
  3 phantoms
  2 kobold brigands (D:9)
  5 bullfrogs
  5 scorpions
  A water moccasin zombie (D:3)
  2 water moccasin skeletons (D:6)
  A wyvern skeleton (D:6)
  4 wights
  A hound (D:7)
  2 centaur zombies
  A centaur skeleton (D:6)
  An orc priest (D:7)
  A jelly (D:5)
  An iron imp (D:3)
  5 orc wizards
  A scorpion zombie (D:5)
  2 iguanas
  A hound skeleton (D:4)
  A howler monkey zombie (D:8)
  2 gnolls (D:7)
  9 adders
  A howler monkey skeleton (D:7)
  A shadow imp (D:6)
  An ufetubus (D:6)
  An adder skeleton (D:4)
  A worm (D:2)
  2 dart slugs
  7 orcs
  2 endoplasms
  3 giant cockroaches
  5 hobgoblins
  13 kobolds
  4 quokkas
  11 ball pythons
  15 bats
  4 frilled lizards
  9 goblins
  4 rats
169 creatures vanquished.

Vanquished Creatures (collateral kills)
  Duvessa (D:4)
  Blork the orc (D:5)
  2 scorpions (D:5)
  Dowan (D:4)
  A howler monkey (D:3)
  A jelly (D:4)
  2 hounds (D:5)
  A gnoll shaman (D:8)
  3 orc wizards
  5 gnolls
  An adder (D:2)
  A worm (D:4)
  7 orcs
  An endoplasm (D:2)
  2 goblins
30 creatures vanquished.

Vanquished Creatures (others)
  18 fungi (D:5)
18 creatures vanquished.

Grand Total: 217 creatures vanquished

Notes
Turn   | Place    | Note
-------+----------+-------------------------------------------
     0 | D:1      | a3don the Djinni Hedge Wizard began the quest for the Orb.
     0 | D:1      | Reached XP level 1. HP: 15/15 MP: 0/0
   770 | D:1      | Reached XP level 2. HP: 20/21 MP: 0/0
  1817 | D:1      | Reached XP level 3. HP: 10/25 MP: 0/0
  1817 | D:1      | Learned a level 1 spell: Pain
  2850 | D:2      | Reached skill level 3 in Dodging
  3099 | D:2      | You are sucked into a shaft and drop 2 floors!
  3457 | D:4      | Reached skill level 1 in Fighting
  3457 | D:4      | Reached XP level 4. HP: 28/32 MP: 0/0
  3510 | D:3      | Reached XP level 5. HP: 24/38 MP: 0/0
  3510 | D:3      | Learned a level 2 spell: Corpse Rot
  5005 | D:3      | Found a runed translucent door.
  5006 | D:3      | Noticed b960's ghost (weakling GrFE)
  5185 | D:3      | Reached skill level 4 in Dodging
  5185 | D:3      | Reached XP level 6. HP: 22/45 MP: 0/0
  5376 | D:3      | Found a snail-covered altar of Cheibriados.
  5873 | D:4      | Noticed a black bear
  5878 | D:4      | Reached skill level 1 in Maces & Flails
  6269 | D:3      | Killed a black bear
  6488 | D:4      | Found a hide-covered altar of Uskayaw.
  6511 | D:4      | Noticed Duvessa
  6518 | D:4      | Noticed Dowan
  6540 | D:4      | Killed Duvessa
  6541 | D:4      | Reached XP level 7. HP: 8/50 MP: 0/0
  6541 | D:4      | Learned a level 2 spell: Static Discharge
  6541 | D:4      | Killed Dowan
  7301 | D:4      | Reached skill level 5 in Dodging
  7807 | D:5      | Entered Level 5 of the Dungeon
  7829 | D:5      | Reached XP level 8. HP: 30/58 MP: 0/0
  8705 | D:5      | Reached skill level 6 in Dodging
 10362 | D:5      | Reached XP level 9. HP: 24/64 MP: 0/0
 10362 | D:5      | Learned a level 4 spell: Cause Fear
 10717 | D:5      | Reached skill level 5 in Fighting
 11176 | D:5      | Noticed Blork the orc
 11185 | D:5      | Killed Blork the orc
 11309 | D:6      | Found a broken altar of Ashenzari.
 11309 | D:6      | Found an opulent altar of Gozag.
 11371 | D:6      | Reached skill level 5 in Spellcasting
 11379 | D:6      | Reached skill level 7 in Dodging
 11591 | D:6      | Found a sparkling altar of Nemelex Xobeh.
 11725 | D:6      | Found a glowing golden altar of the Shining One.
 12023 | D:6      | Reached XP level 10. HP: 52/72 MP: 0/0
 12418 | D:6      | Reached skill level 5 in Maces & Flails
 13713 | D:7      | Found a shadowy altar of Dithmenos.
 13717 | D:7      | Noticed Maggie
 13730 | D:7      | Killed Maggie
 13731 | D:7      | Reached skill level 8 in Dodging
 13731 | D:7      | Reached skill level 1 in Invocations
 13975 | D:7      | Found a staircase to the Ecumenical Temple.
 14124 | Temple   | Entered the Ecumenical Temple
 14819 | D:7      | Found an iron altar of Okawaru.
 16489 | D:9      | Noticed a kobold demonologist
 16504 | D:9      | Killed a kobold demonologist
 16504 | D:9      | Noticed a two-headed ogre
 16943 | D:8      | Killed a two-headed ogre
 16944 | D:8      | Reached XP level 11. HP: 60/79 MP: 0/0
 16944 | D:8      | Learned a level 4 spell: Animate Dead
 17155 | D:9      | Reached skill level 9 in Dodging
 17559 | D:9      | Found a burning altar of Makhleb.
 18198 | D:9      | Found a staircase to the Lair.
 18475 | D:10     | Entered Level 10 of the Dungeon
 18477 | D:10     | Found a runed translucent door.
 18490 | D:10     | Found a runed translucent door.
 18534 | D:9      | Became a worshipper of Makhleb the Destroyer
 18579 | D:10     | Found a staircase to the Orcish Mines.
 18579 | D:10     | Noticed a manticore
 18599 | D:10     | Killed a manticore
 18712 | Lair:1   | Entered Level 1 of the Lair of Beasts
 18725 | Lair:1   | Slain by a black mamba

Illustrated notes

Levels and vault maps discovered:
D:1:      ebering_trefoil_3fold, layout_basic, serial_corexii_hall,
          corexii_hall_statues_x, corexii_hall_statues_s,
          chequers_serial_rivers_small_3
D:2:      layout_basic
D:3:      layout_basic, slow_altar_2, hellmonk_ghost_happy_afterlife
D:4:      layout_rooms, nicolae_uskayaw_dance_hall, uniq_duvessa
D:5:      old_forge, layout_rooms, uniq_blork_the_orc
D:6:      layout_layer_cave, nemelex_xobeh_ov_fountains_minmay,
          kennysheep_mini_moat, gammafunk_temple_overflow_statue
D:7:      layout_gridville, okawaru_gym_becter,
          mainiacjoe_overflow_small_starburst, minmay_temple_entry_waves,
          enter_bailey_5, uniq_maggie
D:8:      layout_gridville, nicolae_ossuary_entry_monument, minmay_starry_boxes
D:9:      layout_basic, grunt_temple_overflow_open, lair_entry_dummy,
          serial_corexii_hall, corexii_hall_statues_i, corexii_hall_statues_t,
          st_stairs_11
D:10:     layout_stronghold, grunt_temple_overflow_growth_and_decay,
          orc_0_dummy, minmay_statue_crystal_thing
Temple:   jpeg_temple_alley_garden
Lair:1:   layout_small_grid, hangedman_lair_generics_rect

Skill      XL: |  1  2  3  4  5  6  7  8  9 10 11 |
---------------+----------------------------------+-----
Stealth        | 2 |  2.0
Dodging        | 3 4 5 6 7 8 9 |  9.5
Fighting       | 1 2 3 4 6 7 8 |  8.2
Spellcasting   | 3 4 5 6 |  6.9
Maces & Flails | 1 2 3 4 6 |  6.5
Invocations    | 3 4 |  4.4

Action                   |  1- 3 |  4- 6 |  7- 9 | 10-12 || total
-------------------------+-------+-------+-------+-------++-------
Melee: Dagger            |    18 |    14 |       |       ||    32
       Whip              |       |    70 |   207 |   239 ||   516
       Punch             |       |     1 |     6 |     5 ||    12
Throw: Javelin           |       |     1 |       |     1 ||     2
 Cast: Magic Dart        |    65 |    50 |    37 |     5 ||   157
       Call Imp          |     7 |    11 |    18 |    21 ||    57
       Pain              |     6 |       |       |    10 ||    16
       Mephitic Cloud    |       |     7 |    16 |    45 ||    68
       Blink             |       |     1 |     2 |     3 ||     6
       Conjure Flame     |       |       |     2 |     1 ||     3
       Static Discharge  |       |       |       |    37 ||    37
       Slow              |       |       |       |     3 ||     3
       Cause Fear        |       |       |       |     1 ||     1
  Use: Scroll            |       |       |     3 |     9 ||    12
 Stab: Confused          |       |     3 |    13 |    17 ||    33
       Held in net/web   |       |       |     3 |       ||     3
       Fleeing           |       |       |     1 |       ||     1
       Distracted        |       |       |     1 |       ||     1
       Sleeping          |       |       |       |     2 ||     2
Armor: Robe              |     7 |     7 |    25 |    24 ||    63
Dodge: Dodged            |    19 |    70 |   142 |   211 ||   442
